AoeStats
← Shifu Bich 2

QS Arena

503527267Analyzed
3v3 RM · 1mo ago on Sep 1, 2026· 50m 27s· 6 players
Game mode
Random Map
Map size
Normal (6 player)
Population
200
Speed
Normal
Resources
Standard
Victory
Conquest
Starting age
Dark Age
Ending age
Imperial Age
RankedLock teamsTeams togetherTeam positionsShared explorationLock speedFull tech treeHidden civsTurbo modeCheats
Victory
Defeat
🇨🇱 Chinese · Chile
740
+22
🇺🇸 Bohemians · United States
708
+24
🇺🇸 Goths · United States
708
+24
🇦🇷 Armenians · Argentina
939
-25
🇦🇷 Persians · Argentina
934
-25
🇦🇷 Franks · Argentina
793
-19
flashx9721
11:12 Feudal Age
15:42 Castle Age
13:33 Double-Bit Axe
13:53 Horse Collar
14:19 Man-at-Arms
21:44 Bow Saw
21:37 Heavy Plow
26:44 Wheelbarrow
26:43 Town Watch
26:45 Loom
29:36 Imperial Age
28:19 Ballistics
28:59 Chemistry
27:30 Pikeman
29:32 Hand Cart
30:20 Caravan
31:43 Two-Man Saw
30:32 Treadmill Crane
31:04 Masonry
31:05 Siege Engineers
30:33 Halberdier
32:04 Squires
32:07 Scale Mail Armor
32:18 Forging
32:38 Long Swordsman
34:04 Town Patrol
35:27 Chain Mail Armor
35:09 Two-Handed Swordsman
37:27 Elite Hussite Wagon
38:01 Houfnice
39:34 Champion
assault8055
9:53 Feudal Age
11:52 Double-Bit Axe
14:35 Castle Age
12:21 Horse Collar
16:28 Bow Saw
16:24 Loom
18:25 Wheelbarrow
21:07 Hand Cart
21:32 Heavy Plow
25:31 Gold Mining
25:36 Stone Mining
25:56 Scale Barding Armor
26:02 Forging
29:13 Imperial Age
30:08 Perfusion
30:28 Conscription
29:59 Man-at-Arms
29:59 Pikeman
30:40 Squires
30:41 Long Swordsman
32:04 Iron Casting
31:31 Scale Mail Armor
33:58 Caravan
33:46 Two-Handed Swordsman
35:18 Anarchy
45:04 Chemistry
44:25 Ballistics
46:35 Heavy Scorpion
Shifu Bich 2
9:19 Feudal Age
11:54 Double-Bit Axe
14:39 Horse Collar
17:50 Castle Age
16:41 Padded Archer Armor
16:33 Fletching
18:27 Wheelbarrow
17:38 Town Watch
17:53 Arson
18:34 Squires
17:58 Pikeman
18:47 Crossbowman
25:10 Bow Saw
26:50 Stone Mining
26:52 Gold Mining
27:47 Atonement
28:03 Fervor
28:15 Sanctity
27:56 Devotion
28:27 Thumb Ring
34:44 Imperial Age
32:26 Heavy Plow
33:09 Great Wall
33:40 Bodkin Arrow
36:12 Fortified Wall
39:00 Chemistry
38:49 Stone Shaft Mining
38:00 Halberdier
42:03 Arbalester
48:51 Two-Man Saw
FranksLup
8:07 Feudal Age
8:36 Double-Bit Axe
12:22 Wheelbarrow
14:30 Castle Age
13:19 Loom
14:44 Scale Mail Armor
14:54 Forging
16:57 Chain Mail Armor
21:46 Iron Casting
22:42 Sanctity
22:36 Fervor
22:50 Horse Collar
23:21 Bow Saw
22:50 Pikeman
24:28 Redemption
28:34 Imperial Age
26:37 Squires
28:21 Halberdier
29:52 Block Printing
29:57 Heavy Plow
29:49 Gold Mining
29:49 Stone Mining
31:12 Hand Cart
30:42 Town Watch
30:49 Fletching
30:59 Padded Archer Armor
31:04 Devotion
33:40 Blast Furnace
33:11 Plate Mail Armor
34:19 Crossbowman
35:41 Arson
37:14 Elite Skirmisher
40:37 Ballistics
44:49 Conscription
48:37 Bodkin Arrow
48:58 Leather Archer Armor
49:46 Chemistry
Kiopd1878
8:11 Feudal Age
11:56 Wheelbarrow
11:23 Double-Bit Axe
14:22 Castle Age
12:39 Horse Collar
16:31 Bow Saw
16:32 Heavy Plow
20:07 Loom
21:03 Hand Cart
21:12 Town Watch
22:28 Town Patrol
28:10 Imperial Age
25:56 Gold Mining
26:02 Stone Mining
30:53 Stone Shaft Mining
30:49 Conscription
30:31 Kamandaran
32:26 Chemistry
31:47 Ballistics
31:23 Murder Holes
31:39 Caravan
31:50 Fletching
32:01 Scale Mail Armor
32:12 Forging
32:16 Citadels
34:00 Bodkin Arrow
34:06 Padded Archer Armor
34:23 Chain Mail Armor
36:44 Scale Barding Armor
40:02 Block Printing
39:22 Elite War Elephant
40:22 Crossbowman
41:08 Thumb Ring
44:36 Masonry
Doctor Alvarez
7:10 Feudal Age
5:35 Loom
7:44 Double-Bit Axe
13:49 Castle Age
14:08 Gold Mining
14:10 Stone Mining
16:34 Fletching
22:38 Wheelbarrow
22:45 Wheelbarrow
22:29 Bow Saw
22:48 Bodkin Arrow
23:19 Scale Barding Armor
28:12 Imperial Age
26:35 Scale Barding Armor
26:51 Forging
27:49 Husbandry
28:12 Chain Barding Armor
30:04 Chemistry
33:10 Gold Shaft Mining
33:45 #83
33:55 #83
34:29 Chivalry
34:21 Elite Throwing Axeman
36:05 Cavalier
40:17 Plate Barding Armor
40:18 Iron Casting
39:56 Caravan
41:50 Elite Skirmisher
42:40 Paladin
44:16 Siege Engineers
45:15 Blast Furnace
45:21 Hand Cart
46:02 Scale Mail Armor
46:49 Ballistics
47:39 Chain Mail Armor
Connection lost

Rejoining the realm…

Still unreachable

The connection could not be restored.

Session expired

The server has moved on; the page needs a fresh start.